 Dungeon Crawl Stone Soup version 0.30.1-5-ged363bc7ee (webtiles) character file.

Game seed: 10595354901622143892

10 Yeesh the Cutter (level 2, -1/24 HPs)
             Began as a Demigod Gladiator on Sept 19, 2023.
             Slain by a goblin
             ... wielding a +0 club
             ... led by Robin
              (3 damage)
             ... on level 2 of the Dungeon.
             The game lasted 00:04:41 (124 turns).

Yeesh the Cutter (Demigod Gladiator)                 Turns: 124, Time: 00:04:42

Health: -1/24      AC:  4    Str: 15    XL:     2   Next: 0%
Magic:  4/4        EV: 12    Int: 10    God:
Gold:   6          SH:  0    Dex: 15    Spells: 1/1 levels left

rFire   . . .        a - +0 rapier
rCold   . . .        (no shield)
rNeg    . . .        b - +0 leather armour
rPois   .            c - +0 helmet
rElec   .            (no cloak)
rCorr   .            (no gloves)
SInv    .            (no boots)
Will    .....        (no amulet)
Stlth   +            (no ring)
HPRegen 0.24/turn    (no ring)
MPRegen 0.09/turn

%: no passive effects
@: no status effects
A: high MP 1, forlorn, divine attributes
a: no special abilities


You were on level 2 of the Dungeon.
You visited 1 branch of the dungeon, and saw 2 of its levels.

You collected 6 gold pieces.

Inventory:

Hand Weapons
 a - a +0 rapier (weapon)
Missiles
 d - 3 throwing nets (quivered)
 e - a javelin
 f - 6 poisoned darts
Armour
 b - a +0 leather armour (worn)
 c - a +0 helmet (worn)
 g - a +0 leather armour


   Skills:
 + Level 1.8 Fighting
 + Level 3.0 Short Blades
 + Level 1.8 Throwing
 + Level 0.1 Armour
 + Level 2.8 Dodging


You had one spell level left.
You didn't know any spells.
Your spell library was empty.

Dungeon Overview and Level Annotations

Branches:
Dungeon (2/15)

Annotations:
D:2 Robin


Innate Abilities, Weirdness & Mutations

You have an increased reservoir of magic. (+10% MP)
You shall have no god before yourself.
Your divine heritage dramatically boosts your attributes as you level up.


Message History

Found 14 gold pieces.
Robin shouts!
You hear a shout! 2 goblins come into view.
The goblin shouts! x4
A hobgoblin comes into view.
You closely miss the goblin. The goblin barely misses you. x2
Robin throws the goblin at you!
You barely miss the goblin. The goblin hits you with a +0 dagger.
The goblin hits you with a +0 club. The goblin closely misses you.
The goblin hits you with a +0 club.
A goblin comes into view. It is wielding a +0 club.
You miss the goblin.
The goblin shouts!
The goblin barely misses you. The goblin hits you with a +0 club. x2
Robin roars a battlecry!
The goblins go into a battle-frenzy!
You hit the goblin.
You kill the goblin!
The goblin hits you with a +0 dagger. The goblin completely misses you.
The goblin closely misses you.
A goblin comes into view. It is wielding a +0 club.
The hobgoblin hits you but does no damage.
The goblin hits you with a +0 dagger.
* * * LOW HITPOINT WARNING * * *
Your Short Blades skill increases to level 3!
You hit the goblin.
You kill the goblin!
The goblin barely misses you. The goblin hits you but does no damage.
The goblin hits you with a +0 club.
* * * LOW HITPOINT WARNING * * *
The hobgoblin hits you but does no damage.
The goblin hits you but does no damage.
You have reached level 2!
Level annotation: Robin Welcome back, Yeesh the Demigod Gladiator.
Press ? for a list of commands and other information.
You hit the goblin but do no damage. The hobgoblin closely misses you.
The goblin closely misses you. The goblin hits you but does no damage.
The goblin hits you with a +0 club.
You die...

.......... ..#
........#.. $.
............# .#
.#..#.#......###.###
...................####
...........#....g.....#
#.............ggg...g.
#............)@gg.g...
#.............ggg....#
#....................#
#..........#...#####.#
.#.......##.#...### .
............#.....
.#>.......###...###
.....#.#...##...#
.###.#.#........#


You could see Robin, 2 hobgoblins and 8 goblins.

Vanquished Creatures
  A dart slug (D:2)
  An endoplasm (D:1)
  3 goblins
  A hobgoblin (D:1)
  A ball python (D:2)
7 creatures vanquished.

Notes
Turn   | Place    | Note
-------+----------+-------------------------------------------
     0 | D:1      | Yeesh the Demigod Gladiator began the quest for the Orb.
     0 | D:1      | Reached XP level 1. HP: 17/17 MP: 3/3
   117 | D:2      | Noticed Robin
   123 | D:2      | Reached skill level 3 in Short Blades
   124 | D:2      | Reached XP level 2. HP: 1/24 MP: 4/4
   124 | D:2      | Slain by a goblin

Illustrated notes

Levels and vault maps discovered:
D:1:      roderic_crop_circles_arrival_small, layout_loops_ring, serial_shops,
          shop, columned_hall_lemuel, serial_park_tiny_2, nrook_uturn
D:2:      layout_rooms, skrybe_limestone_x, minmay_3d_cube, uniq_natasha,
          uniq_robin, uniq_terence

Skill      XL: |  1 |
---------------+----+-----
Short Blades   | 3 |  3.0
Fighting       | |  1.8
Throwing       | |  1.8
Armour         | |  0.1
Dodging        | |  2.8

Action                     || total
---------------------------++-------
  Melee: Rapier            ||    14
    Use: Scroll            ||     1
 Armour: Leather armour    ||     5
  Dodge: Dodged            ||    13
